| TOP OF THE 1ST |
|
Kelowna Heat batting - Pitching for Houston Colt .45's : LHP Shane Robinson
|
|
Pitching: LHP Shane Robinson
|
|
|
Batting: LHB Mason Duffy
|
0-0: Ball 1-0: Ball 2-0: Swinging Strike 2-1: Called Strike 2-2: Strikes out looking
|
|
Batting: RHB Josh Truell
|
0-0: Called Strike 0-1: Ball 1-1: Swinging Strike 1-2: Ball 2-2: Strikes out swinging
|
|
Batting: LHB Mike Roberts
|
0-0: Ball 1-0: Called Strike 1-1: Foul Ball, location: 2F 1-2: Fly out, F8 (Flyball, 78M, EV 91.9 MPH)
|
| Top of the 1st over - 0 runs, 0 hits, 0 errors, 0 left on base; Kelowna 0 - Houston 0 |
| BOTTOM OF THE 1ST |
|
Houston Colt .45's batting - Pitching for Kelowna Heat : LHP Jordan Ruiz
|
|
Pitching: LHP Jordan Ruiz
|
|
|
Batting: RHB Daniel Pena
|
0-0: Foul Ball, location: 2F 0-1: Ball 1-1: Foul Ball, location: 2F 1-2: Foul Ball, location: 2F 1-2: Ball 2-2: Ground out 6-3 (Groundball, 6, EV 103.1 MPH)
|
|
Batting: RHB John Moore
|
0-0: Ball 1-0: Ball 2-0: Ball 3-0: Called Strike 3-1: Base on Balls
|
|
Batting: LHB Bruce Arvizu
|
0-0: Called Strike 0-1: Foul Ball, location: 2F 0-2: Ball 1-2: SINGLE (Line Drive, 89S, EV 90.0 MPH) John Moore to second Runner from 2nd tries for 3rd, SAFE, throw by RF made to third
|
|
Batting: RHB Jarno van Lente
|
0-0: Called Strike 0-1: Ball 1-1: Foul Ball, location: 2F 1-2: Ball 2-2: Strikes out swinging
|
|
Batting: LHB Bob Govella
|
0-0: Called Strike 0-1: 3-RUN HOME RUN (Flyball, 89XD, EV 102.5 MPH), Distance : 411 ft
|
|
Batting: SHB Terciero Ortiz
|
0-0: Ball 1-0: Ball 2-0: Ball 3-0: Called Strike 3-1: Fly out, F8 (Flyball, 8LD, EV 107.5 MPH)
|
| Bottom of the 1st over - 3 runs, 2 hits, 0 errors, 0 left on base; Kelowna 0 - Houston 3 |
| TOP OF THE 2ND |
|
Kelowna Heat batting - Pitching for Houston Colt .45's : LHP Shane Robinson
|
|
Batting: RHB Zach Maguire
|
0-0: Called Strike 0-1: Swinging Strike 0-2: Ball 1-2: Ball 2-2: Fly out, F8 (Flyball, 8RD, EV 98.1 MPH)
|
|
Batting: RHB Tony Harper
|
0-0: SINGLE (Groundball, 6MD, EV 96.2 MPH)
|
|
Batting: RHB Ryan Roberts
|
0-0: Called Strike 0-1: Foul Ball, location: 2F 0-2: Ball 1-2: Foul Ball, location: 2F 1-2: Ball 2-2: Fly out, F7 (Flyball, 7, EV 83.8 MPH)
|
|
Batting: RHB Vinny Torres
|
0-0: Ball 1-0: Called Strike 1-1: Swinging Strike 1-2: Foul Ball, location: 2F 1-2: Strikes out swinging
|
| Top of the 2nd over - 0 runs, 1 hit, 0 errors, 1 left on base; Kelowna 0 - Houston 3 |
| BOTTOM OF THE 2ND |
|
Houston Colt .45's batting - Pitching for Kelowna Heat : LHP Jordan Ruiz
|
|
Batting: RHB Patrick Pinault
|
0-0: Called Strike 0-1: Ground out 4-3 (Groundball, 4, EV 91.9 MPH)
|
|
Batting: RHB Jason Monico
|
0-0: Fly out, F8 (Line Drive, 8LM, EV 88.8 MPH)
|
|
Batting: LHB Ryan Fridley
|
0-0: Called Strike 0-1: SOLO HOME RUN (Line Drive, 9LD, EV 95.6 MPH), Distance : 341 ft
|
|
Batting: RHB Daniel Pena
|
0-0: Called Strike 0-1: Foul Ball, location: 2F 0-2: Strikes out swinging
|
| Bottom of the 2nd over - 1 run, 1 hit, 0 errors, 0 left on base; Kelowna 0 - Houston 4 |
| TOP OF THE 3RD |
|
Kelowna Heat batting - Pitching for Houston Colt .45's : LHP Shane Robinson
|
|
Batting: RHB Armando Ramirez
|
0-0: Called Strike 0-1: Called Strike 0-2: Ball 1-2: Foul Ball, location: 2F 1-2: Ball 2-2: Strikes out looking
|
|
Batting: LHB Chris West
|
0-0: Called Strike 0-1: Foul Ball, location: 2F 0-2: Ball 1-2: SINGLE (Groundball, 6MD, EV 98.1 MPH)
|
|
Batting: LHB Mason Duffy
|
0-0: Called Strike 0-1: Swinging Strike 0-2: Ball 1-2: Ball 2-2: Ball 3-2: Strikes out swinging
|
|
Batting: RHB Josh Truell
|
0-0: Fly out, F9 (Flyball, 9S, EV 78.8 MPH)
|
| Top of the 3rd over - 0 runs, 1 hit, 0 errors, 1 left on base; Kelowna 0 - Houston 4 |
| BOTTOM OF THE 3RD |
|
Houston Colt .45's batting - Pitching for Kelowna Heat : LHP Jordan Ruiz
|
|
Batting: RHB John Moore
|
0-0: SINGLE (Groundball, 34S, EV 73.1 MPH) (infield hit)
|
|
Batting: LHB Bruce Arvizu
|
0-0: Called Strike 0-1: Called Strike 0-2: Foul Ball, location: 2F 0-2: Ball 1-2: Hit by Pitch John Moore to second
|
|
Batting: RHB Jarno van Lente
|
0-0: Foul Ball, location: 2F 0-1: Foul Ball, location: 2F 0-2: Ball 1-2: Strikes out swinging
|
|
Batting: LHB Bob Govella
|
0-0: Ball 1-0: Foul Ball, location: 2F 1-1: Ball 2-1: Ball John Moore steals 3rd base Bruce Arvizu to second 3-1: Ground out 6-3 (Groundball, 6M, EV 81.2 MPH) John Moore scores Bruce Arvizu to third
|
|
Batting: SHB Terciero Ortiz
|
0-0: Ball 1-0: Ball 2-0: SINGLE (Line Drive, 78S, EV 103.8 MPH) Bruce Arvizu scores
|
|
Pitching: RHP Jonathan Fritzinger
|
|
|
Batting: RHB Patrick Pinault
|
0-0: Ball 1-0: Foul Ball, location: 2F 1-1: 2-RUN HOME RUN (Flyball, 7LD, EV 94.4 MPH), Distance : 345 ft
|
|
Batting: RHB Jason Monico
|
0-0: Ball 1-0: Ball 2-0: Foul Ball, location: 2F 2-1: Swinging Strike 2-2: Foul Ball, location: 2F 2-2: Ball 3-2: Strikes out swinging
|
| Bottom of the 3rd over - 4 runs, 3 hits, 0 errors, 0 left on base; Kelowna 0 - Houston 8 |
| TOP OF THE 4TH |
|
Kelowna Heat batting - Pitching for Houston Colt .45's : LHP Shane Robinson
|
|
Batting: LHB Mike Roberts
|
0-0: Called Strike 0-1: Foul Ball, location: 2F 0-2: Foul Ball, location: 2F 0-2: Ball 1-2: Fly out, F6 (Popup, 6S, EV 80.0 MPH)
|
|
Batting: RHB Zach Maguire
|
0-0: Called Strike 0-1: Foul Ball, location: 2F 0-2: SINGLE (Groundball, 56S, EV 68.8 MPH) (infield hit)
|
|
Batting: RHB Tony Harper
|
0-0: Foul Ball, location: 2F 0-1: Foul Ball, location: 2F 0-2: Ball 1-2: Fielders Choice at 2nd, 5-4 (Groundball, 56, EV 92.5 MPH)
|
|
Batting: RHB Ryan Roberts
|
0-0: Ball 1-0: Called Strike 1-1: Called Strike 1-2: Ball 2-2: Strikes out looking
|
| Top of the 4th over - 0 runs, 1 hit, 0 errors, 1 left on base; Kelowna 0 - Houston 8 |
| BOTTOM OF THE 4TH |
|
Houston Colt .45's batting - Pitching for Kelowna Heat : RHP Jonathan Fritzinger
|
|
Batting: LHB Ryan Fridley
|
0-0: Ground out 6-3 (Groundball, 6S, EV 86.2 MPH)
|
|
Batting: RHB Daniel Pena
|
0-0: Foul Ball, location: 2F 0-1: Ball 1-1: Ball 2-1: Ground out 3-1 (Groundball, 13, EV 83.1 MPH)
|
|
Batting: RHB John Moore
|
0-0: Called Strike 0-1: SINGLE (Groundball, 56S, EV 61.9 MPH) (infield hit)
|
|
Batting: LHB Bruce Arvizu
|
0-0: Ball 1-0: Ball 2-0: Ball 3-0: Base on Balls John Moore to second
|
|
Batting: RHB Jarno van Lente
|
0-0: Swinging Strike 0-1: Swinging Strike 0-2: Foul Ball, location: 2F 0-2: Strikes out swinging
|
| Bottom of the 4th over - 0 runs, 1 hit, 0 errors, 2 left on base; Kelowna 0 - Houston 8 |
| TOP OF THE 5TH |
|
Kelowna Heat batting - Pitching for Houston Colt .45's : LHP Shane Robinson
|
|
Batting: RHB Vinny Torres
|
0-0: Called Strike 0-1: Ball 1-1: Ball 2-1: Called Strike 2-2: Ball 3-2: Foul Ball, location: 2F 3-2: Ground out 1-3 (Groundball, P, EV 74.4 MPH)
|
|
Batting: RHB Armando Ramirez
|
0-0: Ball 1-0: Foul Ball, location: 2F 1-1: Ball 2-1: Called Strike 2-2: Reached on error, E3 (Groundball, 34, EV 85.0 MPH)
|
|
Batting: LHB Chris West
|
0-0: Ball Armando Ramirez steals 2nd, throwing error, E2 Armando Ramirez to third 1-0: Fly out, F8 (Flyball, 89M, EV 80.0 MPH) Runner from 3rd tags up, OUT at HOME! 8-2
|
| Top of the 5th over - 0 runs, 0 hits, 2 errors, 0 left on base; Kelowna 0 - Houston 8 |
| BOTTOM OF THE 5TH |
|
Houston Colt .45's batting - Pitching for Kelowna Heat : RHP Jonathan Fritzinger
|
|
Batting: LHB Bob Govella
|
0-0: Fly out, F7 (Flyball, 78D, EV 106.9 MPH)
|
|
Batting: SHB Terciero Ortiz
|
0-0: Called Strike 0-1: Called Strike 0-2: Strikes out looking
|
|
Batting: RHB Patrick Pinault
|
0-0: Called Strike 0-1: Foul Ball, location: 2F 0-2: Ball 1-2: Ball 2-2: Strikes out swinging
|
| Bottom of the 5th over - 0 runs, 0 hits, 0 errors, 0 left on base; Kelowna 0 - Houston 8 |
| TOP OF THE 6TH |
|
Kelowna Heat batting - Pitching for Houston Colt .45's : LHP Shane Robinson
|
|
Batting: LHB Mason Duffy
|
0-0: Ball 1-0: Ground out 3-1 (Groundball, 34, EV 110.0 MPH)
|
|
Batting: RHB Josh Truell
|
0-0: Called Strike 0-1: Foul Ball, location: 2F 0-2: Strikes out swinging
|
|
Batting: LHB Mike Roberts
|
0-0: Ball 1-0: Foul Ball, location: 2F 1-1: Foul Ball, location: 2F 1-2: Foul Ball, location: 2F 1-2: Strikes out looking
|
| Top of the 6th over - 0 runs, 0 hits, 0 errors, 0 left on base; Kelowna 0 - Houston 8 |
| BOTTOM OF THE 6TH |
|
Houston Colt .45's batting - Pitching for Kelowna Heat : RHP Jonathan Fritzinger
|
|
Pitching: RHP Wally Dethridge
|
|
|
Batting: RHB Jason Monico
|
0-0: Called Strike 0-1: Foul Ball, location: 2F 0-2: Ball 1-2: Strikes out swinging
|
|
Batting: LHB Ryan Fridley
|
0-0: Called Strike 0-1: Ball 1-1: Ground out U3 (Groundball, 3, EV 83.1 MPH)
|
|
Batting: RHB Daniel Pena
|
0-0: Foul Ball, location: 2F 0-1: Called Strike 0-2: Foul Ball, location: 2F 0-2: Strikes out looking
|
| Bottom of the 6th over - 0 runs, 0 hits, 0 errors, 0 left on base; Kelowna 0 - Houston 8 |
| TOP OF THE 7TH |
|
Kelowna Heat batting - Pitching for Houston Colt .45's : LHP Shane Robinson
|
|
Batting: RHB Zach Maguire
|
0-0: Called Strike 0-1: Swinging Strike 0-2: Strikes out looking
|
|
Pinch Hitting: RHB Ricky Aguilar
|
0-0: Ball 1-0: Ball 2-0: Foul Ball, location: 2F 2-1: Called Strike 2-2: Strikes out swinging
|
|
Batting: RHB Ryan Roberts
|
0-0: Ball 1-0: Called Strike 1-1: Fly out, F8 (Flyball, 8RS, EV 80.6 MPH)
|
| Top of the 7th over - 0 runs, 0 hits, 0 errors, 0 left on base; Kelowna 0 - Houston 8 |
| BOTTOM OF THE 7TH |
|
Houston Colt .45's batting - Pitching for Kelowna Heat : RHP Wally Dethridge
|
|
Now in LF: Ricky Aguilar
|
|
|
Batting: RHB John Moore
|
0-0: Called Strike 0-1: Fly out, F7 (Flyball, 7S, EV 83.8 MPH)
|
|
Batting: LHB Bruce Arvizu
|
0-0: Ball 1-0: Ball 2-0: Called Strike 2-1: Ball 3-1: Foul Ball, location: 2F 3-2: Foul Ball, location: 2F 3-2: Base on Balls
|
|
Batting: RHB Jarno van Lente
|
0-0: Ball 1-0: Ball 2-0: Fielders Choice at 2nd, 6-4 (Groundball, 6M, EV 85.6 MPH)
|
|
Batting: LHB Bob Govella
|
0-0: Ground out 4-3 (Groundball, 4, EV 84.4 MPH)
|
| Bottom of the 7th over - 0 runs, 0 hits, 0 errors, 1 left on base; Kelowna 0 - Houston 8 |
| TOP OF THE 8TH |
|
Kelowna Heat batting - Pitching for Houston Colt .45's : LHP Shane Robinson
|
|
Pinch Hitting: LHB Kuan Hsia
|
0-0: Swinging Strike 0-1: Ball 1-1: Ball 2-1: Fly out, F9 (Line Drive, 9S, EV 89.4 MPH)
|
|
Batting: RHB Armando Ramirez
|
0-0: Foul Ball, location: 2F 0-1: Foul Ball, location: 2F 0-2: Strikes out swinging
|
|
Batting: LHB Chris West
|
0-0: Ball 1-0: Ball 2-0: Called Strike 2-1: SINGLE (Groundball, 3D, EV 101.2 MPH)
|
|
Pinch Hitting: LHB Alex Larangho
|
0-0: Ball 1-0: Swinging Strike 1-1: Ball 2-1: Foul Ball, location: 2F 2-2: Strikes out swinging
|
| Top of the 8th over - 0 runs, 1 hit, 0 errors, 1 left on base; Kelowna 0 - Houston 8 |
| BOTTOM OF THE 8TH |
|
Houston Colt .45's batting - Pitching for Kelowna Heat : RHP Wally Dethridge
|
|
Now in CF: Kuan Hsia
|
|
|
Now in RF: Alex Larangho
|
|
|
Batting: SHB Terciero Ortiz
|
0-0: Ball 1-0: Called Strike 1-1: Foul Ball, location: 2F 1-2: Strikes out swinging
|
|
Pitching: LHP Ricky Coats
|
|
|
Batting: RHB Patrick Pinault
|
0-0: Called Strike 0-1: Foul Ball, location: 2F 0-2: Ball 1-2: Foul Ball, location: 2F 1-2: Ball 2-2: Foul Ball, location: 2F 2-2: Ball 3-2: Foul Ball, location: 2F 3-2: Base on Balls
|
|
Batting: RHB Jason Monico
|
0-0: Ball 1-0: Ball 2-0: Ball 3-0: Called Strike 3-1: Called Strike 3-2: Grounds into double play, 3-6-1 (Groundball, 34, EV 105.0 MPH)
|
| Bottom of the 8th over - 0 runs, 0 hits, 0 errors, 0 left on base; Kelowna 0 - Houston 8 |
| TOP OF THE 9TH |
|
Kelowna Heat batting - Pitching for Houston Colt .45's : LHP Shane Robinson
|
|
Pinch Hitting: RHB Jaime Rios
|
0-0: Called Strike 0-1: Swinging Strike 0-2: Ball 1-2: Strikes out swinging
|
|
Batting: LHB Mike Roberts
|
0-0: Called Strike 0-1: Ball 1-1: Foul Ball, location: 2F 1-2: Ball 2-2: Foul Ball, location: 2F 2-2: Ball 3-2: SINGLE (Groundball, 5D, EV 101.9 MPH)
|
|
Pitching: RHP Devin Spears
|
|
|
Batting: RHB Zach Maguire
|
0-0: Called Strike 0-1: Ball 1-1: Foul Ball, location: 2F 1-2: Foul Ball, location: 2F 1-2: Strikes out looking
|
|
Batting: RHB Ricky Aguilar
|
0-0: Fly out, F9 (Flyball, 89M, EV 88.8 MPH)
|
| Top of the 9th over - 0 runs, 1 hit, 0 errors, 1 left on base; Kelowna 0 - Houston 8 |
|